 Dungeon Sprint DCSS version 0.24.0-123-gd5b16e6ec5 (webtiles) character file.

Game seed: 4281539237963773140, levelgen mode: deterministic

13694 Groucho the Tortoise (level 12, -3/94 HPs)
             Began as a Halfling Wanderer on Jan 12, 2020.
             Was the Champion of Qazlal.
             Slain by a reaper
             ... wielding a +2 scythe of venom
             ... summoned by a mummy priest's death curse
              (20 damage)
             ... in the Dungeon (Sprint V: "Ziggurat Sprint").
             The game lasted 00:09:41 (2116 turns).

Groucho the Tortoise (Halfling Wanderer)            Turns: 2116, Time: 00:09:42

Health: -3/94      AC: 36    Str: 29    XL:     12   Next: 35%
Magic:  16/23      EV:  4    Int:  8    God:    Qazlal [******]
Gold:   0          SH: 42    Dex: 17    Spells: 13/13 levels left

rFire    . . .     SeeInvis +   G - +6 shillelagh "Devastator" {shatter}
rCold    . . .     Gourm    .   F - +18 shield of the Gong {rElec rN+ MR+ EV-5}
rNeg     + . .     Faith    .   E - +15 Maxwell's patent armour {-Cast -Tele rElec MR+ rCorr}
rPois    .         Spirit   .   I - +0 helmet {SInv}
rElec    +         Reflect  .   (no cloak)
rCorr    +         Harm     .   (no gloves)
MR       ++...     NoTele   +   (no boots) Stlth ..........NoCast +
                                (no amulet)
HPRegen  0.25/turn              z - +6 ring of strength
MPRegen  0.18/turn              A - +6 ring of strength

@: lethally poisoned (-3 -> -22), protected from physical damage, repel missiles
A: small, mutation resistance 1
a: Upheaval, Elemental Force, Disaster Area, Renounce Religion


You were in the Dungeon.
You worshipped Qazlal.
Qazlal was exalted by your worship.
You were hungry.

You visited 1 branch

Inventory:

Hand Weapons
 G - the +6 shillelagh "Devastator" (weapon) {shatter}
   (You found it in the Dungeon)
Armour
 a - +5 gold dragon scales
 E - the +15 Maxwell's patent armour (worn) {-Cast -Tele rElec MR+ rCorr}
   (You found it in the Dungeon)

   It insulates you from electricity.
   It affects your resistance to hostile enchantments.
   It prevents spellcasting.
   It prevents most forms of teleportation.
   It provides partial protection from all sources of acid and corrosion.
 F - the +18 shield of the Gong (worn) {rElec rN+ MR+ EV-5}
   (You found it in the Dungeon)

   It affects your evasion (-5).
   It insulates you from electricity.
   It protects you from negative energy.
   It affects your resistance to hostile enchantments.
 I - a +0 helmet of see invisible (worn)
Jewellery
 u - an uncursed ring of flight
 v - a +6 ring of dexterity
 w - a +6 ring of dexterity
 x - a +6 ring of intelligence
 y - a +6 ring of intelligence
 z - a +6 ring of strength (left hand)
 A - a +6 ring of strength (right hand)
 J - the ring of Secrets {Str+3 SInv}
   (You found it in the Dungeon)

   [ring of see invisible]

   It affects your strength (+3).
   It lets you see invisible.
 K - an uncursed ring of protection from cold
 L - the amulet of the Robin {Reflect rElec SH+4}
   (You found it in the Dungeon)

   [amulet of reflection]

   It shields you and reflects attacks.
   It insulates you from electricity.
   It affects your SH (+4).
 M - an uncursed ring of poison resistance
 N - an uncursed ring of wizardry
 O - the ring of Oruist {+Inv rPois rC+ MP+9 Slay-2}
   (You found it in the Dungeon)

   [ring of magical power]

   It affects your accuracy and damage with ranged weapons and melee attacks
   (-2).
   It protects you from cold.
   It protects you from poison.
   It affects your magic capacity (+9).
   It lets you turn invisible.
Wands
 B - a wand of disintegration (7)
 C - a wand of iceblast (7)
 D - a wand of acid (7)
Scrolls
 j - 4 scrolls of blinking
 o - 4 scrolls of amnesia
 p - 7 scrolls of fog
 q - a scroll of holy word
 r - 5 scrolls of identify
 s - 5 scrolls of remove curse
 t - 2 scrolls of fear
 H - a scroll of brand weapon
Potions
 b - 2 potions of brilliance
 c - 11 potions of curing
 d - 2 potions of invisibility
 e - 7 potions of heal wounds
 g - 10 potions of haste
 h - 6 potions of magic
 i - 3 potions of berserk rage
 k - 4 potions of resistance
 l - a potion of experience
 m - 5 potions of agility
 n - 5 potions of might
Comestibles
 f - 7 rations


   Skills:
 + Level 13.6 Fighting
 + Level 15.9 Armour
 - Level 1.1 Stealth
 + Level 15.8 Shields
 - Level 1.0 Spellcasting
   Level 1.2 Transmutations
   Level 2.0 Earth Magic
 + Level 15.7 Invocations


You had 13 spell levels left.
You didn't know any spells.
Your spell library contained the following spells:

 Spells                   Type           Power        Failure   Level  Hunger
 Haunt                    Necr/Summ      #.........   100%        7    #######
 Borgnjor's Revivificati  Necr           #.........   100%        8    #######
 Death's Door             Chrm/Necr      #.........   100%        8    #######
 Infestation              Necr           #.........   100%        8    #######
 Necromutation            Tmut/Necr      #.........   100%        8    #######


Dungeon Overview and Level Annotations

Branches:
Dungeon (1/1)

Altars:
Ashenzari
Cheibriados
Dithmenos
Elyvilon
Fedhas
Gozag
Hepliaklqana
Kikubaaqudgha
Makhleb
Nemelex Xobeh
Okawaru
Qazlal
Ru
Sif Muna
Trog
Uskayaw
Vehumet
Wu Jian
Xom
Yredelemnul
Zin
The Shining One
Beogh
Jiyva
Lugonu


Innate Abilities, Weirdness & Mutations

You are small and have problems with some larger weapons.
You are somewhat resistant to further mutation.


Message History

You block the emperor scorpion's attack.
PTOANNNG!
You sock the reaper!
The reaper, the emperor scorpion and the death scarab shudder.
The reaper is almost dead.
You kill the emperor scorpion!
The emperor scorpion's corpse disappears in a puff of smoke!
The death scarab is heavily damaged.
The reaper is almost dead.
* * * LOW HITPOINT WARNING * * *
You feel sick.
The death scarab is struck by lightning.
The death scarab is engulfed in freezing vapours.
The death scarab bites you but does no damage.
You block the death scarab's attack.
PTOANNNG!
You block the death scarab's attack.
PTOANNNG!
The reaper hits you with a +2 scythe of venom!!
You die...

▓..[.."|=.▓....[.=..▓..)}
▓..|:.:...▓..:....).▓..†)
▓.§§....}.▓....)....▓....
▓...§..§..▓.."......▓....
▓§.....§..▓.....†...▓....
▓.≈.§...M.▓.........▓....
▓≈.▓...▓§°▓.........▓....
▓≈...§≈s2s▓.▓.....▓.▓....
▓≈...©.°@.▓....©....▓▓▓▓▓
▓▓▓▓▓▓▓▓▓▓▓▓▓▓▓▓▓▓▓▓▓


You could see a greater mummy, a reaper and 2 death scarabs.

Vanquished Creatures
  4 very ugly things (D)
  2 mummy priests (D)
  A death scarab (D)
  A spriggan (D)
  A spriggan druid (D)
  A sea snake (shapeshifter) (D)
  2 ugly things (D)
  A wolf spider (shapeshifter) (D)
  A manticore (shapeshifter) (D)
  A black mamba (D)
  A spiny frog (D)
  A guardian mummy (D)
  A slime creature (D)
  A hornet (D)
  A blink frog (D)
  3 ushabtiu (D)
  2 yaks (D)
  A basilisk (D)
  A neqoxec (D)
  4 water moccasins (D)
  A floating eye (D)
  2 orc warriors (D)
  A porcupine (D)
  6 wolves (D)
  4 black bears (D)
  A crimson imp (D)
  A jelly (D)
  A quasit (D)
  An iron imp (D)
  An orc priest (D)
  2 orc wizards (D)
  2 iguanas (D)
  A mummy (D)
  4 adders (D)
  3 white imps (D)
  An ooze (D)
  2 orcs (D)
  A bat skeleton (D)
  3 jackals (D)
  5 ball pythons (D)
74 creatures vanquished.

Vanquished Creatures (others)
  A bat zombie (D)
1 creature vanquished.

Grand Total: 75 creatures vanquished

Notes
Turn   | Place    | Note
-------+----------+-------------------------------------------
     0 | D        | Groucho the Halfling Wanderer began the quest for the Orb.
     0 | D        | Groucho set off with the following items: a +0 club, a
                  | scroll of teleportation, 2 potions of curing, a +2 scale
                  | mail, a potion of heal wounds, a ration, a potion of haste,
                  | 2 potions of magic, a potion of berserk rage, a scroll of
                  | blinking
     0 | D        | Reached XP level 1. HP: 13/13 MP: 2/2
     0 | D        | Found a shimmering blue altar of Sif Muna.
     0 | D        | Found a bloodstained altar of Trog.
     0 | D        | Found a sacrificial altar of Ru.
     0 | D        | Found a stormy altar of Qazlal.
     0 | D        | Found an iron altar of Okawaru.
    13 | D        | Found a blossoming altar of Fedhas.
    14 | D        | Found the +6 Majin-Bo {vamp, Archmagi MP+6 Int+6}
    14 | D        | Found the +7 great mace "Firestarter" {inner flame, rF++}
    16 | D        | Found a sparkling altar of Nemelex Xobeh.
    18 | D        | Found a transporter.
    18 | D        | Found an ancient bone altar of Kikubaaqudgha.
    18 | D        | Found a viscous altar of Jiyva.
    18 | D        | Found a corrupted altar of Lugonu.
    18 | D        | Found a hazy altar of Hepliaklqana.
    18 | D        | Found a burning altar of Makhleb.
    18 | D        | Found an opulent altar of Gozag.
    40 | D        | Found the +9 heavy crossbow "Sniper" {velocity, Acc+∞ SInv}
    40 | D        | Found the +10 dark maul {crush}
    40 | D        | Found the +15 Maxwell's patent armour {-Cast -Tele rElec
                  | MR+ rCorr}
    40 | D        | Found the +18 shield of the Gong {rElec rN+ MR+ EV-5}
    40 | D        | Found the cursed +14 obsidian axe {chop, +Fly SInv *Curse}
    42 | D        | Found the +6 shillelagh "Devastator" {shatter}
    42 | D        | Found the +11 plutonium sword {*Contam Stlth-}
    42 | D        | Found the +8 lance "Wyrmbane" {slay drac, rPois rF+ rC+
                  | AC+3}
    42 | D        | Found the +9 sword of Zonguldrok {reap}
    42 | D        | Found the cursed +13 scythe of Curses {drain, *Curse}
    42 | D        | Found the +0 sword of Power
    42 | D        | Found the +7 mace of Variability {chain chaos}
    42 | D        | Found the +7 Singing Sword {slice, sonic wave}
    42 | D        | Found the +8 storm bow {elec, penet}
    69 | D        | Became a worshipper of Qazlal Stormbringer
    82 | D        | Entered arena 2.
    82 | D        | Noticed a wolf
    82 | D        | Noticed a black bear
    82 | D        | Found a transporter.
    85 | D        | Killed a wolf
    85 | D        | Reached skill level 5 in Armour
    85 | D        | Reached XP level 2. HP: 9/22 MP: 3/5
    85 | D        | Reached XP level 3. HP: 11/27 MP: 3/6
    85 | D        | Reached XP level 4. HP: 13/33 MP: 3/7
    85 | D        | Killed a black bear
    85 | D        | Reached skill level 5 in Shields
    85 | D        | Reached skill level 5 in Invocations
    85 | D        | Reached XP level 5. HP: 15/38 MP: 3/9
   554 | D        | Entered arena 3.
   554 | D        | Found a transporter.
   557 | D        | Reached * piety under Qazlal
   567 | D        | Entered arena 4.
   567 | D        | Noticed a water moccasin
   567 | D        | Found a transporter.
   571 | D        | Reached ** piety under Qazlal
   571 | D        | Reached skill level 5 in Fighting
   573 | D        | Killed a water moccasin
   573 | D        | Reached XP level 6. HP: 46/46 MP: 9/11
   693 | D        | Entered arena 5.
   693 | D        | Noticed a slime creature
   693 | D        | Noticed a floating eye
   693 | D        | Found a transporter.
   694 | D        | Killed a floating eye
   694 | D        | Reached *** piety under Qazlal
   694 | D        | Reached XP level 7. HP: 53/53 MP: 12/12
   699 | D        | Killed a slime creature
   964 | D        | Entered arena 6.
   964 | D        | Noticed a water moccasin
   964 | D        | Noticed a water moccasin
   964 | D        | Found a transporter.
   966 | D        | Killed a water moccasin
   966 | D        | Reached XP level 8. HP: 60/60 MP: 9/14
   967 | D        | Reached **** piety under Qazlal
  1296 | D        | Entered arena 7.
  1297 | D        | Found a transporter.
  1299 | D        | Reached ***** piety under Qazlal
  1472 | D        | Entered arena 8.
  1472 | D        | Noticed a black mamba
  1473 | D        | Found a transporter.
  1475 | D        | Reached skill level 10 in Armour
  1475 | D        | Killed a black mamba
  1475 | D        | Reached skill level 10 in Shields
  1475 | D        | Reached skill level 10 in Invocations
  1478 | D        | Reached XP level 9. HP: 67/67 MP: 3/16
  1737 | D        | Entered arena 9.
  1738 | D        | Found a transporter.
  1739 | D        | Reached ****** piety under Qazlal
  1757 | D        | Got the ring of Secrets {Str+3 SInv}
  1904 | D        | Entered arena 10.
  1904 | D        | Noticed a blink frog
  1904 | D        | Noticed a spiny frog
  1905 | D        | Found a transporter.
  1906 | D        | Killed a blink frog
  1906 | D        | Killed a spiny frog
  1906 | D        | Reached skill level 10 in Fighting
  1909 | D        | Reached XP level 10. HP: 76/76 MP: 10/18
  1915 | D        | Got the amulet of the Robin {Reflect rElec SH+4}
  1956 | D        | Entered arena 11.
  1956 | D        | Noticed a spriggan druid
  1956 | D        | Noticed a spriggan rider
  1958 | D        | Killed a spriggan druid
  1958 | D        | Killed a spriggan rider
  1959 | D        | Found a transporter.
  2051 | D        | Entered arena 12.
  2051 | D        | Noticed a purple very ugly thing
  2051 | D        | Noticed a wolf spider
  2051 | D        | Noticed a brown very ugly thing
  2051 | D        | Noticed a white very ugly thing
  2051 | D        | Noticed a purple ugly thing
  2051 | D        | Noticed a purple very ugly thing
  2052 | D        | Noticed a purple ugly thing
  2052 | D        | Noticed a manticore
  2052 | D        | Noticed a torpor snail
  2052 | D        | a dream sheep changed into a torpor snail
  2053 | D        | Killed a manticore
  2053 | D        | Killed a brown very ugly thing
  2053 | D        | Reached XP level 11. HP: 85/85 MP: 19/21
  2053 | D        | Killed a purple very ugly thing
  2054 | D        | Killed a purple ugly thing
  2054 | D        | Killed a purple ugly thing
  2054 | D        | Killed a wolf spider
  2055 | D        | Killed a white very ugly thing
  2056 | D        | Killed a white very ugly thing
  2056 | D        | Reached skill level 15 in Armour
  2056 | D        | Reached skill level 15 in Shields
  2056 | D        | Reached skill level 15 in Invocations
  2056 | D        | Noticed a faun
  2056 | D        | a torpor snail changed into a faun
  2057 | D        | Found a transporter.
  2059 | D        | Noticed a death drake
  2059 | D        | a faun changed into a death drake
  2061 | D        | Noticed a manticore
  2061 | D        | a death drake changed into a manticore
  2065 | D        | Noticed a sea snake
  2065 | D        | a manticore changed into a sea snake
  2071 | D        | Killed a sea snake
  2071 | D        | Reached XP level 12. HP: 94/94 MP: 5/23
  2078 | D        | Got the ring of Oruist {+Inv rPois rC+ MP+9 Slay-2}
  2100 | D        | Entered arena 13.
  2100 | D        | Noticed a mummy priest
  2101 | D        | Noticed a greater mummy
  2101 | D        | Identified the cursed +1 falchion "Otumy" {slice, Fragile
                  | +Inv rN++ Dex+2}
  2101 | D        | Noticed a mummy priest
  2101 | D        | Noticed a death scarab
  2102 | D        | Noticed a death scarab
  2102 | D        | Noticed a death scarab
  2103 | D        | Killed a death scarab
  2104 | D        | Noticed an emperor scorpion
  2104 | D        | Noticed an emperor scorpion
  2104 | D        | Noticed an emperor scorpion
  2104 | D        | Killed a mummy priest
  2104 | D        | Noticed a reaper
  2104 | D        | Noticed an emperor scorpion
  2108 | D        | HP: 3/94 [shadow[a guardian mummy's death curse] (5)]
  2111 | D        | Noticed a death scarab
  2111 | D        | Noticed a death scarab
  2111 | D        | Noticed a death scarab
  2114 | D        | Noticed a death scarab
  2114 | D        | Killed a mummy priest
  2115 | D        | Noticed a death scarab
  2115 | D        | Noticed a death scarab
  2116 | D        | Slain by a reaper

Levels and vault maps discovered:
D:        sprint_v [room_start, room_1, room_2, room_3, room_4, room_5, room_6,
          room_7, room_8, room_9, room_10, room_11, room_12, room_13, room_14,
          room_15, room_16, room_17, room_18, room_19, room_20, room_21,
          room_22, room_23, room_24, room_25, room_26, room_27]

Skill      XL: |  1  2  3  4  5  6  7  8  9 10 11 |
---------------+----------------------------------+-----
Fighting       | 3 4 5 6 7 8 10 11 13 | 13.6
Armour         | 5 6 7 9 10 12 13 15 | 15.9
Shields        | 4 5 6 7 9 10 11 13 15 | 15.8
Invocations    | 4 5 6 7 9 10 11 13 15 | 15.7
Stealth        | |  1.1
Spellcasting   | |  1.0
Transmutations | |  1.2
Earth Magic    | |  2.0

Action                   |  1- 3 |  4- 6 |  7- 9 | 10-12 || total
-------------------------+-------+-------+-------+-------++-------
Melee: Shillelagh        |     3 |     4 |    19 |    18 ||    44
Invok: Upheaval          |       |       |    11 |     2 ||    13
       Disaster Area     |       |       |     2 |     6 ||     8
  Use: Potion            |       |       |       |     4 ||     4
  Eat: Chunk             |       |       |     2 |     1 ||     3
Armor: Plate armour      |     5 |     2 |     2 |    10 ||    19
Dodge: Dodged            |       |       |     1 |     1 ||     2
Block: Shield            |     5 |     5 |    32 |    48 ||    90
